General information
- name: rsjr
- type: Ladder 1vs1/FFA
- host: apy
- saver: greedoFthenoob
map: TerenasStand
- players: 2
- length: 25:02
- speed: Fast
- version: 1.21 W3XP
- replay type: Public
» download(93 KB)
Players
team 1 (loser)

»
apy (
red | 121 APM | 3025 actions | 25:01)
5 Blademaster
2 Critical Strike
3 Wind Walk
4 Shadow Hunter
2 Hex
2 Healing Wave
» actions
| Assign group hotkey | 120 | |
| Basic commands | 57 | |
| Build / train | 60 | |
| ESC pressed | 3 | |
| Enter build submenu | 26 | |
| Enter hero's abilities submenu | 9 | |
| Give item / drop item | 3 | |
| Right click | 1526 | |
| Select / deselect | 733 | |
| Select group hotkey | 324 | |
| Use ability | 164 | |
3025 total
» units
| Peon | 19 | |
| Grunt | 4 | |
| Demolisher | 11 | |
| Raider | 2 | |
| Spirit Walker | 1 | |
| Goblin Zeppelin | 1 | |
38 total
» upgrades
| Berserker Strength | 1 | |
| Ensnare | 1 | |
| Spirit Walker Training | 1 | |
3 total
» buildings
| Altar of Storms | 1 | |
| Orc Burrow | 11 | |
| Barracks | 2 | |
| Voodoo Lounge | 2 | |
| Stronghold | 1 | |
| War Mill | 1 | |
| Beastiary | 2 | |
| Spirit Lodge | 1 | |
21 total
» build order
00:08 Altar of Storms
00:16 Orc Burrow
00:37 Barracks
01:38 Orc Burrow
02:08 Voodoo Lounge
02:59 Stronghold
03:21 Orc Burrow
04:36 War Mill
05:34 Beastiary
06:12 Spirit Lodge
07:07 Orc Burrow
09:48 Voodoo Lounge
10:22 Barracks
12:43 Orc Burrow
13:45 Orc Burrow
13:56 Beastiary
20:34 Orc Burrow
20:56 Orc Burrow
20:57 Orc Burrow
24:26 Orc Burrow
24:41 Orc Burrow
» items
| Healing Salve | 4 | |
| Boots of Speed | 1 | |
| Potion of Healing | 1 | |
6 total
team 2 (winner)
greedoFthenoob (
pink | 76 APM | 1913 actions | 25:02)
3 Archmage
2 Summon Water Elemental
1 Brilliance Aura
2 Blood Mage
1 Flame Strike
1 Siphon Mana
» actions
| Assign group hotkey | 23 | |
| Basic commands | 7 | |
| Build / train | 87 | |
| ESC pressed | 2 | |
| Enter build submenu | 50 | |
| Enter hero's abilities submenu | 5 | |
| Give item / drop item | 1 | |
| Right click | 874 | |
| Select / deselect | 677 | |
| Select group hotkey | 69 | |
| Use ability | 118 | |
1913 total
» units
| Peasant | 39 | |
| Footman | 12 | |
| Forest Troll Shadow Priest | 1 | |
| Rifleman | 2 | |
| Mortar Team | 3 | |
57 total
» upgrades
» buildings
| Altar of Kings | 2 | |
| Barracks | 1 | |
| Farm | 7 | |
| Scout Tower | 27 | |
| Arcane Tower | 1 | |
| Blacksmith | 1 | |
| Lumber Mill | 1 | |
| Guard Tower | 12 | |
| Arcane Vault | 1 | |
| Keep | 1 | |
| Arcane Sanctum | 1 | |
| Workshop | 1 | |
| Cannon Tower | 1 | |
| Town Hall | 1 | |
58 total
» build order
00:08 Altar of Kings
00:18 Barracks
00:33 Farm
00:36 Farm
01:50 Scout Tower
02:02 Farm
02:20 Arcane Tower
03:00 Farm
03:09 Blacksmith
03:31 Farm
04:51 Farm
05:31 Lumber Mill
06:24 Farm
06:55 Scout Tower
06:56 Scout Tower
06:58 Scout Tower
07:02 Scout Tower
07:10 Scout Tower
07:14 Guard Tower
07:16 Scout Tower
07:20 Guard Tower
07:23 Guard Tower
07:33 Guard Tower
07:36 Scout Tower
07:49 Scout Tower
07:50 Guard Tower
07:58 Scout Tower
08:08 Arcane Vault
08:31 Scout Tower
08:32 Guard Tower
08:48 Scout Tower
09:05 Guard Tower
09:06 Scout Tower
09:41 Guard Tower
09:49 Scout Tower
09:51 Scout Tower
10:04 Scout Tower
10:06 Scout Tower
10:21 Guard Tower
10:30 Guard Tower
10:31 Guard Tower
10:45 Keep
11:38 Scout Tower
12:41 Scout Tower
13:16 Guard Tower
13:20 Scout Tower
14:39 Arcane Sanctum
14:45 Workshop
15:53 Scout Tower
16:08 Scout Tower
16:28 Cannon Tower
16:30 Scout Tower
18:42 Scout Tower
18:47 Scout Tower
18:50 Scout Tower
18:52 Scout Tower
19:52 Altar of Kings
20:31 Town Hall
» items
| Dust of Appearance | 1 | |
| Boots of Speed | 1 | |
| Scroll of Regeneration | 2 | |
| Potion of Healing | 1 | |
5 total
Chat log
(01:27 / All) apy: this should be ez win for you bro
(01:28 / All) apy: gluck